 Dungeon Crawl Stone Soup version 0.31-a0-441-g867994ef1c (webtiles) character file.

Game seed: 13716374912081378536

134 CraigForest the Changeling (level 5, -13/33 HPs)
             Began as an Octopode Shapeshifter on Aug 2, 2023.
             Killed by divine providence
             ... invoked by an orc priest
              (15 damage)
             ... on level 2 of the Dungeon.
             The game lasted 00:05:01 (1151 turns).

CraigForest the Changeling (Octopode Shapeshifter)  Turns: 1151, Time: 00:05:03

Health: -13/33     AC:  1    Str: 15    XL:     5   Next: 17%
Magic:  5/5        EV: 13    Int: 10    God:
Gold:   75         SH:  0    Dex: 14    Spells: 4/4 levels left

rFire   . . .        d - +2 short sword (elec)
rCold   . . .        (no shield)
rNeg    . . .        (helmet currently unavailable)
rPois   .            (no amulet)
rElec   .            (no ring)
rCorr   .            (no ring)
SInv    .            (no ring)
Will    .....        (no ring)
Stlth   +++          (no ring)
HPRegen 0.25/turn    (no ring)
MPRegen 0.09/turn    (no ring)
                     (no ring)

%: no passive effects
@: beast-form
A: beast (slay +2), almost no armour, amphibious, 8 rings, camouflage 1,
gelatinous body 1, (nimble swimmer 1), tentacles
a: Begin Untransformation


You were on level 2 of the Dungeon.
You were a hulking beast.
You visited 1 branch of the dungeon, and saw 2 of its levels.

You collected 75 gold pieces.

Inventory:

Hand Weapons
 d - a +2 short sword of electrocution (weapon)
Talismans
 b - a beast talisman (active)
Scrolls
 i - a scroll of silence {unknown}
Potions
 a - a potion of lignification
 c - 2 potions of resistance {unknown}
 e - a potion of degeneration {unknown}
 f - a potion of attraction {unknown}
 g - a potion of might {unknown}
 h - a potion of heal wounds {unknown}


   Skills:
 + Level 1.3 Fighting
 + Level 0.2 Short Blades
 + Level 2.4 Dodging
 + Level 2.3 Stealth
 - Level 3.7 Unarmed Combat
 + Level 4.0 Shapeshifting


You had 4 spell levels left.
You didn't know any spells.
Your spell library contained the following spells:

 Spells                   Type           Power      Damage    Failure   Level
 Freeze                   Ice            0%         1d3       36%         1
 Frozen Ramparts          Ice            0%         1d1       75%         3
 Hailstorm                Conj/Ice       0%         3d3       75%         3


Dungeon Overview and Level Annotations

Branches:
Dungeon (2/15)

Altars:

Shops:
D:1 (


Innate Abilities, Weirdness & Mutations

You are a hulking beast.
Your limbs bulge with bestial killing power. (Slay +2)
You cannot wear most types of armour.
You are amphibious.
You can wear up to eight rings at the same time.
Your skin changes colour to match your surroundings (Stealth+).
Your rubbery body absorbs attacks. (AC +1, EV +1)
((You are camouflaged when in or above water. (Stealth+)))
You have tentacles for arms and can constrict up to eight enemies at once.


Message History

An orc wizard and 2 orcs come into view.
An orc comes into view. It is wielding a +0 hand axe.
The orc shouts! x2
An orc priest comes into view. It is wielding a +0 hand axe.
The orc shouts! x2
The orc wizard shouts!
The orc barely misses you.
You hit the orc. Lightning courses through the orc!
You kill the orc!
The orc closely misses you.
Your Shapeshifting skill increases to level 4!
You closely miss the orc wizard. Your grab misses the orc wizard.
The orc barely misses you. The orc closely misses you.
You hit the orc wizard. You grab the orc wizard.
The orc wizard is lightly wounded.
You constrict the orc wizard, but do no damage.
The orc hits you with a +0 hand axe.
The orc wizard hits you with a +0 dagger.
The orc barely misses you.
You hit the orc wizard.
Lightning courses through the orc wizard!
You kill the orc wizard!
The orc hits you with a +0 hand axe. The orc hits you with a +0 falchion.
The orc priest hits you with a +0 hand axe.
* * * LOW HITPOINT WARNING * * *
Your Stealth skill increases to level 2!
You have reached level 5!
You feel stronger.
Okay, then.
The orc attacks as you move away! The orc barely misses you.
The orc attacks as you move away! The orc hits you but does no damage.
The orc priest misses you. The orc attacks as you move away!
The orc hits you with a +0 hand axe.
* * * LOW HITPOINT WARNING * * *
The orc priest attacks as you move away!
The orc priest hits you with a +0 hand axe.
* * * LOW HITPOINT WARNING * * *
The orc priest mumbles some strange prayers to Beogh against you.
Beogh smites you!
You die...

.###########.#...............####
.# #.#...............####
.###########.#...........#.......
.#...........#...........#.......
.#.###########......#.####.......
.#.#...........##.......##.......
.#...#########.##.......##.......
....###........##.......##.......
....# .........#h.......##.......
....# ......).oo........##.......
....#⌠......).o.........##.....#.
....#$..................##.....#.
....##.........#........##.....#.
#...# #........#........# #.
#.... ########.#........# #.
..#........# #. ###........# #.


You could see an orc priest and 2 orcs.

Vanquished Creatures
  Jessica (D:2)
  Terence (D:2)
  An orc wizard (D:2)
  2 adders (D:2)
  A worm (D:2)
  An orc (D:2)
  4 ball pythons
  A bat (D:2)
  4 endoplasms
  2 giant cockroaches (D:2)
  3 goblins
  A hobgoblin (D:1)
  4 jackals (D:1)
  A kobold (D:1)
  4 quokkas
  2 rats
33 creatures vanquished.

Notes
Turn   | Place    | Note
-------+----------+-------------------------------------------
     0 | D:1      | CraigForest the Octopode Shapeshifter began the quest for
                  | the Orb.
     0 | D:1      | Reached XP level 1. HP: 13/13 MP: 1/1
    57 | D:1      | Found Dujast's Weapon Shop.
   118 | D:1      | Reached XP level 2. HP: 17/18 MP: 2/2
   527 | D:1      | Reached XP level 3. HP: 23/23 MP: 3/3
   708 | D:2      | Noticed Jessica
   717 | D:2      | Killed Jessica
   758 | D:2      | Noticed Terence
   763 | D:2      | Killed Terence
   764 | D:2      | Reached XP level 4. HP: 5/28 MP: 4/4
   892 | D:2      | Reached skill level 1 in Stealth
  1146 | D:2      | Reached skill level 4 in Shapeshifting
  1149 | D:2      | Reached XP level 5. HP: 7/33 MP: 5/5
  1151 | D:2      | HP: 1/33 [orc priest/+0 hand axe (5)]
  1151 | D:2      | Killed from afar by an orc priest

Illustrated notes

Levels and vault maps discovered:
D:1:      lemuel_arrival_broad_hall, layout_loops_ring, serial_shops, shop
D:2:      cheibrodos_pilgrimage, layout_basic, basic_altar, uniq_jessica,
          uniq_terence

Skill      XL: |  1  2  3  4 |
---------------+-------------+-----
Stealth        | 2 |  2.3
Shapeshifting  | 4 |  4.0
Fighting       | |  1.3
Short Blades   | |  0.2
Dodging        | |  2.4
Unarmed Combat | |  3.7

Action                     |  1- 3 |  4- 6 || total
---------------------------+-------+-------++-------
  Melee: Unarmed           |    40 |       ||    40
         Constrict         |     7 |     6 ||    13
         Tentacles         |     5 |     3 ||     8
         Punch             |     1 |       ||     1
         Short sword       |       |    19 ||    19
    Use: Scroll            |     1 |       ||     1
   Stab: Sleeping          |     3 |     3 ||     6
 Armour: Skin              |       |     2 ||     2
  Dodge: Dodged            |    25 |    10 ||    35

Table legend: (Time is in decaauts)
 A = Elapsed time spent in this place.
 B = Non-inter-level travel time spent in this place.
 C = Inter-level travel time spent in this place.
 D = Time resting spent in this place.
 E = Time spent auto-exploring this place.
 F = Levels seen in this place.
 G = Mean time per level.
                   A        B        C        D        E       F      G
               +--------+--------+--------+--------+--------+-----+--------+
         Total |   1148 |   1019 |    129 |     95 |    723 |   2 |  574.0 |
       Dungeon |   1148 |   1019 |    129 |     95 |    723 |   2 |  574.0 |
               +--------+--------+--------+--------+--------+-----+--------+

Top non-repeatable levels by time:
     D:1: 669 daAuts
     D:2: 478 daAuts
